 Dungeon Crawl Stone Soup version 0.30-a0-883-g5ad918d77d (webtiles) character file.

Game seed: 6905353158415207120

12 avis the Ruffian (level 2, 25/25 HPs)
             Began as a Hill Orc Transmuter on Mar 15, 2023.
             Got out of the dungeon alive.
             The game lasted 00:02:13 (673 turns).

avis the Ruffian (Hill Orc Transmuter)               Turns: 673, Time: 00:02:14

Health: 25/25      AC:  2    Str: 12    XL:     2   Next: 33%
Magic:  4/4        EV: 12    Int: 13    God:
Gold:   32         SH:  0    Dex: 11    Spells: 3/4 levels left

rFire   . . .      SeeInvis .      - Unarmed
rCold   . . .      Faith    .    (no shield)
rNeg    . . .      Spirit   .    a - +0 robe
rPois   .          Reflect  .    (no helmet)
rElec   .          Rampage  .    (no cloak)
rCorr   .                        (no gloves)
Will    .....                    (no boots)
Stlth   +                        (no amulet)
HPRegen 0.24/turn                (no ring)
MPRegen 0.09/turn                (no ring)

@: no status effects
A: no striking features
a: no special abilities


You escaped.
You visited 1 branch of the dungeon, and saw 1 of its levels.

You collected 32 gold pieces.

Inventory:

Armour
 a - a +0 robe (worn)
Scrolls
 c - a scroll of magic mapping {unknown}
 d - a scroll of blinking {unknown}
 e - a scroll of enchant weapon {unknown}
 f - a scroll of silence {unknown}
 g - a scroll of teleportation {unknown}
Potions
 b - a potion of lignification


   Skills:
 * Level 2.8 Fighting
 - Level 1.5 Dodging
 - Level 3.2 Unarmed Combat
 - Level 1.5 Spellcasting
 - Level 1.3 Transmutations


You had 3 spell levels left.
You knew the following spells:

 Your Spells              Type           Power      Damage    Failure   Level
a - Beastly Appendage     Tmut           8%         N/A       16%         1

Your spell library contained the following spells:

 Spells                   Type           Power      Damage    Failure   Level
 Wereblood                Tmut           4%         N/A       22%         2
 Spider Form              Tmut/Pois      2%         N/A       52%         3
 Ice Form                 Ice/Tmut       2%         N/A       89%         4


Dungeon Overview and Level Annotations

Branches:
Dungeon (1/15)

Altars:

Shops:
D:1 (


Message History

The endoplasm jiggles.
You barely miss the endoplasm. You claw the endoplasm.
You headbutt the endoplasm.
You kill the endoplasm!
Your transformation is almost over.
Your horns disappear.
Your talons disappear.
There is an open door here.
You see here a +0 dagger.
f - a scroll labelled FON LEHY PIS
Found a leather armour.
You see here a +0 leather armour.
You now have 23 gold pieces (gained 8).
An endoplasm comes into view.
The endoplasm quivers.
The endoplasm jiggles.
You see here a scroll labelled ZOILOTI UF XIO.
g - a scroll labelled ZOILOTI UF XIO
Casting: Beastly Appendage (safe; 16% risk of failure)
Confirm with . or Enter, or press ? or * to list all spells.
You grow a pair of large bovine horns.
Your feet morph into talons.
Your transformation is almost over.
The endoplasm freezes you.
You are frozen.
You hit the endoplasm.
The endoplasm is heavily wounded.
The endoplasm misses you.
You hit the endoplasm.
You kill the endoplasm!
Your horns disappear.
Your talons disappear.
Found Yzuyjek's Weapon Shop.
Found 9 gold pieces.
There is a fountain of clear blue water here.
There is an entrance to Yzuyjek's Weapon Shop here.
There is a fountain of clear blue water here.
You now have 32 gold pieces (gained 9).
There is an entrance to Yzuyjek's Weapon Shop here.
There is a fountain of clear blue water here.
You see here a +0 leather armour.
There is a staircase leading out of the dungeon here.
Are you sure you want to leave the Dungeon?
This will make you lose the game!
You have escaped!

.# #..## .# ##..## .# ##..# .#
###### ###### ######..#
.########....####....####........
......##......##......##.....###^
......##..##..##..##..##..#### ##
......##..##..#....#..##..# #
......##..##..#.@..#..##..# #
#####.##..##..##..##..##..# #
#...#.....##......##......# #
#...#....####....####....## #
8.8.#.#### ###### ###### #
.⌠.##.# ∩.8##.###########
.⌠.##...[.......#
8.8############.#


There were no monsters in sight!

Vanquished Creatures
  3 endoplasms (D:1)
  A giant cockroach (D:1)
  2 hobgoblins (D:1)
  A kobold (D:1)
  2 ball pythons (D:1)
  A frilled lizard (D:1)
10 creatures vanquished.

Notes
Turn   | Place    | Note
-------+----------+-------------------------------------------
     0 | D:1      | avis the Hill Orc Transmuter began the quest for the Orb.
     0 | D:1      | Reached XP level 1. HP: 16/16 MP: 3/3
   230 | D:1      | Reached XP level 2. HP: 22/25 MP: 2/4
   593 | D:1      | Found Yzuyjek's Weapon Shop.
   673 | D:$      | Got out of the dungeon alive.

Illustrated notes

Levels and vault maps discovered:
D:1:      minmay_arrival_wavy_path, layout_basic, serial_shops,
          nicolae_shop_temple_entry_statues_fountains

Skill      XL: |  1 |
---------------+----+-----
Fighting       | 2 |  2.8
Dodging        | |  1.5
Unarmed Combat | |  3.2
Spellcasting   | |  1.5
Transmutations | |  1.3

Action                     || total
---------------------------++-------
  Melee: Unarmed           ||    19
         Kick              ||     5
         Headbutt          ||     3
   Cast: Beastly Appendage ||     8
 Armour: Robe              ||     4
  Dodge: Dodged            ||     6

Table legend: (Time is in decaauts)
 A = Elapsed time spent in this place.
 B = Non-inter-level travel time spent in this place.
 C = Inter-level travel time spent in this place.
 D = Time resting spent in this place.
 E = Time spent auto-exploring this place.
 F = Levels seen in this place.
 G = Mean time per level.
                   A        B        C        D        E       F      G
               +--------+--------+--------+--------+--------+-----+--------+
         Total |    672 |    606 |     66 |     18 |    501 |   1 |  672.0 |
       Dungeon |    672 |    606 |     66 |     18 |    501 |   1 |  672.0 |
               +--------+--------+--------+--------+--------+-----+--------+

Top non-repeatable levels by time:
     D:1: 672 daAuts
